 Dungeon Crawl Stone Soup version 0.32-a0-999-gfa1cc04b1d (webtiles) character file.

Game seed: 7931204790444045429

1337 GiantSquids the Covert (level 8, -9/54 HPs)
             Began as an Octopode Delver on Apr 25, 2024.
             Was a Believer of Wu Jian.
             Mangled by a yak (15 damage)
             ... on level 5 of the Dungeon.
             The game lasted 00:12:44 (3689 turns).

GiantSquids the Covert (Octopode Delver)            Turns: 3689, Time: 00:12:45

Health: -9/54      AC:  1    Str: 11    XL:     8   Next: 61%
Magic:  8/8        EV: 13    Int: 13    God:    Wu Jian [**....]
Gold:   246        SH:  0    Dex: 15    Spells: 7/7 levels left

rFire   . . .        n - +2 short sword (venom)
rCold   . . .        (no shield)
rNeg    . . .        (helmet restricted)
rPois   .            q - amulet of faith
rElec   .            l - ring of see invisible
rCorr   .            (no ring)
SInv    +            (no ring)
Will    .....        (no ring)
Stlth   ++++++       (no ring)
HPRegen 0.29/turn    (no ring)
MPRegen 0.11/turn    (no ring)
                     (no ring)

%: faith
@: hasted, very quick
A: almost no armour, amphibious, 8 rings, camouflage 1, gelatinous body 1,
(nimble swimmer 1), tentacles
a: Renounce Religion, Wall Jump


You were on level 5 of the Dungeon.
You worshipped Wu Jian.
Wu Jian was pleased with you.
You visited 1 branch of the dungeon, and saw 5 of its levels.

You collected 246 gold pieces.

Inventory:

Hand Weapons
 n - a +2 short sword of venom (weapon)
Missiles
 a - 47 stones (quivered)
 v - 4 poisoned darts
Jewellery
 l - a ring of see invisible (left tentacle)
 q - an amulet of faith (around mantle)
 s - a +6 ring of strength
Wands
 f - a wand of digging (3)
 g - a wand of charming (9)
 h - a wand of polymorph (8)
 z - a wand of flame (10)
Scrolls
 b - a scroll of fog
 c - a scroll of revelation
 d - 4 scrolls of fear
 i - 2 scrolls of immolation {unknown}
 k - 3 scrolls of teleportation {unknown}
 m - 2 scrolls of identify {unknown}
 t - 2 scrolls of noise {unknown}
 u - a scroll of amnesia {unknown}
 y - a scroll of enchant weapon {unknown}
Potions
 j - a potion of enlightenment {unknown}
 o - a potion of might {unknown}
 p - a potion of berserk rage {unknown}
 r - 2 potions of mutation {unknown}
 w - a potion of curing {unknown}
 x - a potion of cancellation {unknown}


   Skills:
 - Level 4.0 Fighting
 * Level 7.1 Short Blades
 - Level 3.2 Dodging
 * Level 11.3 Stealth


You had 7 spell levels left.
You didn't know any spells.
Your spell library contained the following spells:

 Spells                   Type           Power      Damage    Failure   Level
 Sandblast                Erth           0%         2d4       30%         1
 Passwall                 Erth           0%         N/A       67%         3
 Stone Arrow              Conj/Erth      0%         3d7       67%         3


Dungeon Overview and Level Annotations

Branches:
Dungeon (5/15)
 Temple: D:4-7

Altars:
Wu Jian

Shops:
D:1 (


Innate Abilities, Weirdness & Mutations

You cannot wear most types of armour.
You are amphibious.
You can wear up to eight rings at the same time.
Your skin changes colour to match your surroundings (Stealth+).
Your rubbery body absorbs attacks. (AC +1, EV +1)
((You are camouflaged when in or above water. (Stealth+)))
You have tentacles for arms and can constrict up to eight enemies at once.


Message History

The yak misses you.
You hit the yak.
The yak looks as sick as possible!
The yak is moderately wounded.
You hit the yak but do no damage.
The yak looks as sick as possible!
The yak is moderately wounded.
The yak barely misses you.
You barely miss the yak.
The yak is moderately wounded.
You puncture the yak!
The yak looks as sick as possible!
The yak is heavily wounded.
You hit the yak.
The yak looks as sick as possible!
The yak is severely wounded.
The yak completely misses you.
You hit the yak but do no damage.
The yak looks as sick as possible!
The yak is severely wounded.
You hit the yak.
The yak looks as sick as possible!
The yak is almost dead.
The yak barely misses you.
You barely miss the yak.
The yak is almost dead.
You hit the yak but do no damage. You squeeze the yak, but do no damage.
The yak is almost dead.
The yak misses you.
You hit the yak.
The yak looks as sick as possible!
You squeeze the yak.
You kill the yak!
The Council accepts your kill.
Your Short Blades skill increases to level 7!
You hit the yak.
The yak is poisoned.
The yak is lightly wounded.
You hit the yak.
The yak looks as sick as possible!
The yak is moderately wounded.
The yak gores you!
* * * LOW HITPOINT WARNING * * *
You hit the yak.
The yak looks as sick as possible!
The yak is heavily wounded.
You hit the yak.
The yak looks as sick as possible!
You squeeze the yak, but do no damage.
The yak is heavily wounded.
The yak gores you!
You die...

...####.#........##.#
#...#......##..#
###..#......# #.# #+
#...........# #.. #..
#...........# # ...~
#...........# ## ...~.
#.....##########.
⌠.....##...[............
......Y@......#########.
......##...........##†..
..... #.....#####...†##
.... #.....#..........
#.. #.....#.......... ##
#######..........
#.......... #..........
#..........


You could see a yak (extremely poisoned).

Vanquished Creatures
  3 yaks (D:5)
  A black bear (D:4)
  An ogre (D:5)
  A centaur (D:4)
  2 bullfrogs (D:5)
  A bombardier beetle (D:3)
  An orc priest (D:5)
  2 hounds
  2 iguanas (D:5)
  Natasha (thrice) (D:3)
  2 orc wizards (D:3)
  8 gnolls
  8 adders
  2 dart slugs
  2 ribbon worms
  12 orcs
  6 ball pythons
  5 endoplasms
  2 giant cockroaches
  5 goblins
  3 hobgoblins
  3 jackals (D:2)
  6 kobolds
  3 quokkas
  3 bats
  2 frilled lizards
  8 rats
97 creatures vanquished.

Notes
Turn   | Place    | Note
-------+----------+-------------------------------------------
     0 | D:5      | GiantSquids the Octopode Delver began the quest for the
                  | Orb.
     0 | D:5      | Reached XP level 1. HP: 16/16 MP: 1/1
     1 | D:5      | Noticed a bullfrog
    14 | D:5      | Reached XP level 2. HP: 21/21 MP: 2/2
    28 | D:5      | Noticed a bullfrog
    37 | D:5      | Killed a bullfrog
    38 | D:5      | Reached skill level 7 in Stealth
    38 | D:5      | Reached XP level 3. HP: 26/26 MP: 3/3
    38 | D:5      | Reached XP level 4. HP: 31/31 MP: 4/4
   278 | D:3      | Reached XP level 5. HP: 27/36 MP: 5/5
   376 | D:3      | Noticed Natasha
   383 | D:3      | Killed Natasha
   442 | D:3      | Noticed Natasha
   456 | D:3      | Killed Natasha
   457 | D:3      | Reached skill level 8 in Stealth
   477 | D:3      | Reached XP level 6. HP: 42/42 MP: 6/6
   515 | D:3      | Found an ornate altar of the Wu Jian Council.
   577 | D:3      | Became a worshipper of the Wu Jian Council
   973 | D:1      | Found Veemoamm's Weapon Shoppe.
  1729 | D:2      | Reached * piety under Wu Jian
  2125 | D:3      | Noticed Natasha
  2131 | D:3      | Killed Natasha
  2132 | D:3      | Reached skill level 5 in Short Blades
  2425 | D:4      | Reached skill level 9 in Stealth
  2425 | D:4      | Reached XP level 7. HP: 47/47 MP: 7/7
  3371 | D:5      | Reached ** piety under Wu Jian
  3613 | D:5      | Reached skill level 10 in Stealth
  3613 | D:5      | Reached XP level 8. HP: 54/54 MP: 8/8
  3641 | D:5      | Noticed a yak
  3646 | D:5      | Noticed a yak
  3648 | D:5      | Noticed a yak
  3649 | D:5      | Noticed a yak
  3657 | D:5      | Killed a yak
  3671 | D:5      | Killed a yak
  3672 | D:5      | Reached skill level 11 in Stealth
  3684 | D:5      | Killed a yak
  3689 | D:5      | Mangled by a yak

Illustrated notes

Levels and vault maps discovered:
D:1:      scummos_arrival_gate, layout_loops_ring, serial_shops,
          nicolae_lakefront_shop, minivault_27
D:2:      layout_rooms
D:3:      layout_basic, mainiacjoe_overflow_alcove_2, uniq_natasha
D:4:      layout_basic
D:5:      layout_rooms, tso_oasis_becter, minmay_manual_macuahuitl

Skill      XL: |  1  2  3  4  5  6  7  8 |
---------------+-------------------------+-----
Short Blades   | 3 4 5 6 7 |  7.1
Stealth        | 7 8 9 10 11 | 11.3
Dodging        | 3 |  3.2
Fighting       | 4 |  4.0

Action                     |  1- 3 |  4- 6 |  7- 9 || total
---------------------------+-------+-------+-------++-------
  Melee: Short sword       |     5 |   126 |    90 ||   221
         Constrict         |     2 |    35 |    16 ||    53
         Tentacles         |       |    23 |    24 ||    47
  Throw: Stone             |       |       |     4 ||     4
Ability: Lunge             |       |    24 |    15 ||    39
         Whirlwind         |       |       |     1 ||     1
    Use: Potion            |       |       |     1 ||     1
   Stab: Sleeping          |     1 |    17 |     7 ||    25
         Distracted        |       |     2 |       ||     2
 Armour: Skin              |       |    28 |    17 ||    45
  Dodge: Dodged            |     3 |    44 |    25 ||    72

Table legend: (Time is in decaauts)
 A = Elapsed time spent in this place.
 B = Non-inter-level travel time spent in this place.
 C = Inter-level travel time spent in this place.
 D = Time resting spent in this place.
 E = Time spent auto-exploring this place.
 F = Levels seen in this place.
 G = Mean time per level.
                   A        B        C        D        E       F      G
               +--------+--------+--------+--------+--------+-----+--------+
         Total |   3636 |   3527 |    109 |     71 |   2202 |   5 |  727.2 |
       Dungeon |   3636 |   3527 |    109 |     71 |   2202 |   5 |  727.2 |
               +--------+--------+--------+--------+--------+-----+--------+

Top non-repeatable levels by time:
     D:3: 1021 daAuts
     D:4: 931 daAuts
     D:1: 874 daAuts
     D:5: 410 daAuts
     D:2: 399 daAuts
